 Dungeon Crawl Stone Soup version 0.21-a0-401-g0b6bec4 (webtiles) character file.

138 CasualChangeling the Slasher (level 5, -1/46 HPs)
             Began as a Draconian Berserker on Oct 25, 2017.
             Was a Believer of Trog.
             Slain by an orc (3 damage)
             ... on level 3 of the Dungeon.
             The game lasted 00:13:20 (3162 turns).

CasualChangeling the Slasher (Draconian Berserker)  Turns: 3162, Time: 00:13:20

Health: -1/46      AC:  5    Str: 20    XL:     5   Next: 1%
Magic:  5/5        EV: 13    Int:  7    God:    Trog [**....]
Gold:   111        SH:  0    Dex: 11    Spells: 4/4 levels left

rFire    + . .     SeeInvis .   a - +1 falchion
rCold    + . .     Gourm    .   (no shield)
rNeg     . . .     Faith    .   (armour unavailable)
rPois    .         Spirit   .   (helmet restricted)
rElec    .         Reflect  .   g - scarf {rC+ rF+}
rCorr    .         Harm     .   (no gloves)
MR       .....                  (no boots)
Stlth    +.........             (no amulet)
HPRegen  0.15/turn              (no ring)
MPRegen  0.09/turn              (no ring)

@: invisible
A: unfitting armour, cold-blooded, AC +5
a: Berserk, Trog's Hand, Burn Spellbooks, Renounce Religion


You were on level 3 of the Dungeon.
You worshipped Trog.
Trog was pleased with you.
You were not hungry.

You visited 1 branch of the dungeon, and saw 3 of its levels.

You collected 111 gold pieces.

Inventory:

Hand Weapons
 a - a +1 falchion (weapon)
 j - a +0 hunting sling
Missiles
 e - 28 stones (quivered)
 k - 19 sling bullets
Armour
 g - a scarf of resistance (worn)
Scrolls
 c - a scroll of identify
 h - a scroll of noise
Potions
 f - a potion of lignification
Comestibles
 b - 3 bread rations
 i - 2 chunks of flesh


   Skills:
 + Level 4.0 Fighting
 * Level 4.3 Long Blades
 + Level 1.0(1.1) Slings
 + Level 0.4(0.8) Throwing
 + Level 3.3 Dodging
 + Level 0.8 Stealth


You had 4 spell levels left.
You didn't know any spells.

Dungeon Overview and Level Annotations

Branches:
Dungeon (3/15)

Altars:
Sif Muna

Annotations:
D:3 CasualChangeling's ghost, amateur DrBe


Innate Abilities, Weirdness & Mutations

Your plain brown scales are hard. (AC +5)
You cannot fit into any form of body armour.
You are cold-blooded and may be slowed by cold attacks.


Message History

You have reached level 5!
CasualChangeling's ghost hits you!
* * * LOW HITPOINT WARNING * * *
An orc comes into view. It is wielding a dagger.
Okay, then.
CasualChangeling's ghost hits you.
* * * LOW HITPOINT WARNING * * *
It was a potion of curing.
You feel better. The orc hits you with a short sword.
* * * LOW HITPOINT WARNING * * *
CasualChangeling's ghost hits you.
* * * LOW HITPOINT WARNING * * *
The orc misses you.
The orc priest looks braver for a moment.
It was a potion of invisibility.
You fade into invisibility!
The orc hits you but does no damage.
CasualChangeling's ghost barely misses you.
The orc hits you.
You die...

....)...............
......o.....(....(..
..................#
.......(.(..(...(.#
..................#
............(..(..#
#..g.<# #g(.....#
.....#### #oW.....#
.#< #@oo...[#
##).....# #.......#
..####.......#
#............#
..>###....<..# #
#.......# ##......#
#......#


You could see an orc priest, CasualChangeling's ghost, 2 orcs and a goblin.

Vanquished Creatures
  An orc wizard (D:3)
  3 adders (D:2)
  2 worms
  A dart slug (D:1)
  4 leopard geckos
  A ball python (D:2)
  5 giant cockroaches
  8 goblins
  9 hobgoblins
  8 jackals (D:2)
  7 kobolds
  2 quokkas (D:2)
  6 bats
  4 frilled lizards
  4 rats
65 creatures vanquished.

Notes
Turn   | Place    | Note
-------+----------+-------------------------------------------
     0 | D:1      | CasualChangeling the Draconian Berserker began the quest for the Orb.
     0 | D:1      | Reached XP level 1. HP: 19/19 MP: 1/1
   109 | D:1      | Reached XP level 2. HP: 25/26 MP: 2/2
  1335 | D:1      | Reached XP level 3. HP: 33/33 MP: 3/3
  1661 | D:2      | Reached ** piety under Trog
  2139 | D:2      | Reached XP level 4. HP: 39/40 MP: 4/4
  2491 | D:2      | Found a deep blue altar of Sif Muna.
  3143 | D:3      | Noticed CasualChangeling's ghost (amateur DrBe)
  3159 | D:3      | Reached skill level 1 in Slings
  3159 | D:3      | Reached XP level 5. HP: 18/46 MP: 5/5
  3161 | D:3      | HP: 2/46 [CasualChangeling's ghost (6)]
  3162 | D:3      | Slain by an orc

Vault maps used:
D:1:      mrwooster_arrival_statue_2, grunt_decor_mini_mirrors,
          minmay_misc_feat_more_columns, minmay_distorted
D:2:      nicolae_overflow_crystal_walls, first_bread,
          hangedman_decor_diamond_cutter
D:3:      kennysheep_cluttered_room, nicolae_tso_carved_into_rock

Skill      XL: |  1  2  3  4 |
---------------+-------------+-----
Dodging        | 3 |  3.3
Long Blades    | 4 |  4.3
Fighting       | 4 |  4.0
Slings         | 1 |  1.0
Throwing       | |  0.4
Stealth        | |  0.8

Action                   |  1- 3 |  4- 6 || total
-------------------------+-------+-------++-------
Melee: Falchion          |   102 |    45 ||   147
       Tailslap          |    12 |     7 ||    19
 Fire: Hunting sling     |     5 |    22 ||    27
Throw: Stone             |    19 |     1 ||    20
  Use: Scroll            |     6 |     3 ||     9
       Potion            |       |     2 ||     2
 Stab: Sleeping          |       |     1 ||     1
  Eat: Chunk             |     4 |     3 ||     7
Armor: Skin              |    47 |    14 ||    61
Dodge: Dodged            |    92 |    50 ||   142
       Rpst.: Falchion   |    34 |    17 ||    51

Table legend:
 A = Spawn XP
 B = Non-spawn XP
 C = Spawn XP percentage of total XP
 D = Spawn monster count
 E = Non-spawn monster count
 F = Spawn count percentage of total count
 G = Total turns spent on level
                    A         B        C        D         E        F      G
               +---------+---------+-------+---------+---------+-------+---------
         Total |       0 |     198 |   0.0 |       0 |      65 |   0.0 |  3162
               +---------+---------+-------+---------+---------+-------+---------
           D:1 |       0 |      46 |   0.0 |       0 |      25 |   0.0 |  1633
           D:2 |       0 |     103 |   0.0 |       0 |      36 |   0.0 |  1479
           D:3 |       0 |      49 |   0.0 |       0 |       4 |   0.0 |    50
               +---------+---------+-------+---------+---------+-------+---------
